 Dungeon Crawl Stone Soup version 0.28.0-45-g0d030f2227 (webtiles) character file.

Game seed: 695806060500152170

515 pkoi the Insei (level 6, -4/50 HPs)
             Began as a Demigod Gladiator on Apr 20, 2022.
             Slain by an ogre
             ... wielding a +0 giant club
              (22 damage)
             ... on level 5 of the Dungeon.
             The game lasted 00:10:19 (8275 turns).

pkoi the Insei (Demigod Gladiator)                  Turns: 8275, Time: 00:10:20

Health: -4/50      AC: 12    Str: 19    XL:     6   Next: 67%
Magic:  8/8        EV: 12    Int: 10    God:
Gold:   251        SH:  0    Dex: 19    Spells: 5/5 levels left

rFire   . . .      SeeInvis .     - Unarmed
rCold   . . .      Faith    .   (no shield)
rNeg    . . .      Spirit   .   e - +0 chain mail
rPois   .          Reflect  .   b - +1 helmet
rElec   .          Harm     .   (no cloak)
rCorr   .          Rampage  .   (no gloves)
Will    .....                   p - +1 pair of boots
Stlth   ..........              (no amulet)
HPRegen 0.16/turn               o - +4 ring of evasion
MPRegen 0.11/turn               (no ring)

@: no status effects
A: high MP 1, forlorn, divine attributes
a: no special abilities


You were on level 5 of the Dungeon.
You visited 1 branch of the dungeon, and saw 5 of its levels.

You collected 251 gold pieces.

Inventory:

Hand Weapons
 d - a +0 short sword
 m - a +1 dagger of speed
 r - a +3 club
Missiles
 c - 3 throwing nets (quivered)
Armour
 a - a +0 leather armour
 b - a +1 helmet (worn)
 e - a +0 chain mail (worn)
 p - a +1 pair of boots (worn)
Jewellery
 o - a +4 ring of evasion (left hand)
 t - a ring of resist corrosion
Wands
 f - a wand of iceblast (22)
Scrolls
 n - 3 scrolls of identify
Potions
 g - a potion of haste
 h - 2 potions of might {unknown}
 k - 2 potions of curing {unknown}
 s - a potion of resistance {unknown}
 u - a potion of lignification {unknown}


   Skills:
 + Level 2.9 Fighting
 - Level 1.7 Throwing
 - Level 2.6 Dodging
 * Level 6.9 Unarmed Combat


You had 5 spell levels left.
You didn't know any spells.
Your spell library contained the following spells:

 Spells                   Type           Power      Damage    Failure   Level
 Apportation              Tloc           0%         N/A       99%         1
 Freezing Cloud           Conj/Ice/Air   0%         6-21      100%        5
 Simulacrum               Ice/Necr       0%         N/A       100%        6
 Polar Vortex             Ice            0%         N/A       100%        9


Dungeon Overview and Level Annotations

Branches:
Dungeon (5/15)
 Temple: D:4-7

Shops:
D:3 (   D:4 [


Innate Abilities, Weirdness & Mutations

You have an increased reservoir of magic. (+10% MP)
You shall have no god before yourself.
Your divine heritage dramatically boosts your attributes as you level up.


Message History

You barely miss the iguana.
The iguana is moderately wounded.
The iguana bites you but does no damage.
You hit the iguana. Your punch misses the iguana.
The iguana is severely wounded.
The iguana closely misses you.
You punch the iguana!
You kill the iguana!
You see here an iguana corpse.
You start resting.
HP restored.
You see here an iguana corpse.
An ogre comes into view. It is wielding a +0 giant club.
An ogre is nearby!
An ogre is nearby!
The ogre shouts!
You hear an angry hiss.
The ogre barely misses you.
You hit the ogre.
The ogre is lightly wounded.
The ogre hits you with a +0 giant club!
* * * LOW HITPOINT WARNING * * *
An adder comes into view.
You barely miss the ogre.
The ogre is lightly wounded.
You punch the ogre!
The ogre is heavily wounded.
The ogre hits you with a +0 giant club!!
* * * LOW HITPOINT WARNING * * *
You hit the ogre.
The ogre is heavily wounded.
The ogre barely misses you.
You hit the ogre.
The ogre is heavily wounded.
You hit the ogre.
The ogre is severely wounded.
The ogre barely misses you.
You hit the ogre.
The ogre is almost dead.
The ogre hits you with a +0 giant club!!
You die...

#.###.#### #.>......#
****** #####.##.#
,,,,,* #.##.# ****,*
#.##.# *,* #.†..#
****,########.####
,,,,,.........#####
,***,##.####....@.# ,*
*,**,* #..###O#
,***,**,***#..# *S#
,,,,,**,,,....# *.#
**,*,**,,###.## *.#
**,*,**,,* #.# *.#
,,,,,**,,* #.#***.#
,,,,***,,**#.*,,,.#
**,,***,,,,,,,,,,,*****


You could see an ogre and an adder.

Vanquished Creatures
  An ogre (D:4)
  A water moccasin skeleton (D:5)
  A jelly (D:5)
  An iguana (D:5)
  Ijyb (D:4)
  Natasha (D:2)
  8 gnolls
  7 adders
  An adder zombie (D:5)
  3 worms
  7 dart slugs
  An orc (D:3)
  5 ball pythons
  11 bats
  7 endoplasms
  15 giant cockroaches
  5 goblins
  5 hobgoblins
  2 jackals (D:1)
  4 quokkas
  6 frilled lizards
  9 kobolds
  5 rats
107 creatures vanquished.

Vanquished Creatures (others)
  18 plants
18 creatures vanquished.

Grand Total: 125 creatures vanquished

Notes
Turn   | Place    | Note
-------+----------+-------------------------------------------
     0 | D:1      | pkoi the Demigod Gladiator began the quest for the Orb.
     0 | D:1      | Reached XP level 1. HP: 17/17 MP: 3/3
   124 | D:1      | Reached skill level 3 in Unarmed Combat
   253 | D:1      | Reached XP level 2. HP: 17/24 MP: 4/4
  1341 | D:1      | Reached XP level 3. HP: 29/29 MP: 5/5
  1421 | D:1      | Reached skill level 4 in Unarmed Combat
  3634 | D:2      | Reached XP level 4. HP: 24/36 MP: 6/6
  3638 | D:2      | Got Plato's Reference Book on Translocation
  4299 | D:2      | Reached skill level 5 in Unarmed Combat
  5736 | D:2      | Reached XP level 5. HP: 32/41 MP: 7/7
  5810 | D:3      | Noticed Natasha
  5942 | D:2      | Killed Natasha
  6261 | D:3      | Reached skill level 6 in Unarmed Combat
  6463 | D:3      | Found Womeb's Antique Weapon Boutique.
  7001 | D:4      | Noticed Ijyb
  7012 | D:4      | Killed Ijyb
  7112 | D:4      | Found Naxust's Antique Armour Shoppe.
  7194 | D:4      | Noticed an ogre
  7205 | D:4      | Killed an ogre
  7206 | D:4      | Reached XP level 6. HP: 29/50 MP: 8/8
  7618 | D:5      | Entered Level 5 of the Dungeon
  8275 | D:5      | Slain by an ogre

Illustrated notes

Levels and vault maps discovered:
D:1:      heliophobic_arrival_henge, layout_basic,
          ebering_dispersal_statue_hall, minmay_misc_feat_room,
          serial_bayou_lagoon_a
D:2:      layout_basic, shapermc_ecumenical_altar_rom_forum, minmay_pentomino_w4
D:3:      minmay_roachtagon, layout_rooms, serial_shops,
          nicolae_shop_hallway_stairs, uniq_natasha
D:4:      layout_basic, lemuel_doored_altar, serial_shops,
          nicolae_shop_hallway_plus, kennysheep_generic_room_16, uniq_ijyb
D:5:      layout_loops_ring, grunt_ministairs_1, amethyst_killhole, uniq_pikel

Skill      XL: |  1  2  3  4  5 |
---------------+----------------+-----
Unarmed Combat | 3 4 5 6 |  6.9
Fighting       | 2 |  2.9
Throwing       | |  1.7
Dodging        | |  2.6

Action                   |  1- 3 |  4- 6 || total
-------------------------+-------+-------++-------
Melee: Short sword       |   182 |    57 ||   239
       Unarmed           |     8 |   202 ||   210
       Punch             |     7 |    14 ||    21
       Dagger            |       |    13 ||    13
Evoke: Wand              |       |     1 ||     1
  Use: Scroll            |     2 |     5 ||     7
 Stab: Held in net/web   |       |     1 ||     1
Armor: Leather armour    |    10 |       ||    10
       Chain mail        |    87 |   114 ||   201
Dodge: Dodged            |    75 |   135 ||   210
